 Dungeon Crawl Stone Soup version 0.27.1-4-g1640c2035a (webtiles) character file.

Game seed: 6304997690379992312

12301 raph the Destroyer (level 11, -14/54 HPs)
             Began as a Deep Elf Earth Elementalist on Nov 8, 2021.
             Was an Elder of Hepliaklqana.
             Demolished by a boulder beetle (48 damage)
             ... on level 11 of the Dungeon.
             The game lasted 00:39:17 (15983 turns).

raph the Destroyer (Deep Elf Earth Elementalist)   Turns: 15983, Time: 00:39:17

Health: -14/54     AC:  6    Str:  5    XL:     11   Next: 60%
Magic:  2/31       EV: 13    Int: 29    God:    Hepliaklqana [****..]
Gold:   517        SH:  6    Dex: 16    Spells: 1/22 levels left

rFire    . . .     SeeInvis .   K - +4 falchion (freeze)
rCold    . . .     Faith    .   j - +1 buckler
rNeg     + . .     Spirit   .   G - +2 robe of Vaqistrass {rN+ Stlth+}
rPois    .         Reflect  .   (no helmet)
rElec    .         Harm     .   (no cloak)
rCorr    .         Rampage  .   q - +0 pair of gloves
Will     +....                  x - +0 pair of boots
Stlth    ++++......             (no amulet)
HPRegen  0.18/turn              l - ring of magical power
MPRegen  0.22/turn              k - +6 ring of intelligence

@: no status effects
A: reduced essence
a: Renounce Religion, Recall Ancestor, Ancestor Identity, Transference, Idealise


You were on level 11 of the Dungeon.
You worshipped Hepliaklqana.
Hepliaklqana was greatly pleased with you.
You visited 1 branch of the dungeon, and saw 11 of its levels.
You also visited: Ossuary.

You collected 704 gold pieces.
You spent 187 gold pieces at shops.

Inventory:

Hand Weapons
 a - a +1 dagger of venom
 c - a +0 dagger
 i - a +2 dagger of flaming
 F - a +0 rapier
 I - a +0 mace of pain
 K - a +4 falchion of freezing (weapon)
Missiles
 t - 34 poisoned darts
 v - 134 stones
Armour
 j - a +1 buckler (worn)
 q - a +0 pair of gloves (worn)
 s - the +0 robe "Qexke" {rC- Str+4 Dex+2}
   (You bought it in a shop on level 1 of the Dungeon)

   Str:       It affects your strength (+4).
   Dex:       It affects your dexterity (+2).
   rC:        It makes you vulnerable to cold.
 x - a +0 pair of boots (worn)
 G - the +2 robe of Vaqistrass (worn) {rN+ Stlth+}
   (You took it off Eustachio on level 6 of the Dungeon)

   rN:        It protects you from negative energy.
   Stlth:     It makes you more stealthy.
Magical Staves
 J - a staff of death
Jewellery
 g - a ring of ice
 k - a +6 ring of intelligence (right hand)
 l - a ring of magical power (left hand)
 o - a ring of wizardry
 H - an amulet of regeneration
 L - a ring of protection from cold
Wands
 b - a wand of polymorph (9)
 A - a wand of charming (12)
 B - a wand of flame (60)
 C - a wand of paralysis (9)
Scrolls
 d - 5 scrolls of teleportation
 m - a scroll of fog
 y - a scroll of magic mapping
 D - 2 scrolls of identify
Potions
 e - 2 potions of haste
 f - 2 potions of flight
 h - 3 potions of lignification
 n - 2 potions of magic
 p - 2 potions of resistance
 r - 4 potions of heal wounds
 u - 8 potions of curing
 w - a potion of brilliance
 z - 2 potions of might
 E - 2 potions of attraction


   Skills:
 + Level 3.2 Fighting
 + Level 3.5 Dodging
 + Level 5.7 Stealth
 - Level 4.0 Shields
 + Level 6.2 Spellcasting
 + Level 10.7 Conjurations
 - Level 1.1 Transmutations
 - Level 9.0 Ice Magic
 - Level 8.2 Air Magic
 - Level 7.1 Earth Magic
 + Level 1.0 Invocations


You had one spell level left.
You knew the following spells:

 Your Spells              Type           Power      Damage    Failure   Level
a - Sandblast             Erth           100%       2d20      1%          1
b - Passwall              Tmut/Erth      26%        N/A       1%          2
c - Stone Arrow           Conj/Erth      100%       3d13      1%          3
d - Shock                 Conj/Air       100%       1d9       1%          1
e - Swiftness             Air            54%        N/A       1%          3
f - Petrify               Tmut/Erth      32%        N/A       10%         4
g - Freezing Cloud        Conj/Ice/Air   29%        6-21      3%          5
h - Blink                 Tloc           N/A        N/A       9%          2

Your spell library contained the following spells:

 Spells                   Type           Power      Damage    Failure   Level
 Summon Small Mammal      Summ           32%        N/A       5%          1
 Corpse Rot               Necr/Air       N/A        N/A       1%          2
 Poisonous Vapours        Pois/Air       64%        N/A       1%          2
 Static Discharge         Conj/Air       59%        N/A       1%          2
 Airstrike                Air            27%        N/A       1%          4
 Sticky Flame             Conj/Fire      40%        2d6       6%          4
 Leda's Liquefaction      Hex/Erth       14%        N/A       13%         4
 Call Canine Familiar     Summ           8%         N/A       17%         3
 Lesser Beckoning         Tloc           4%         N/A       17%         3
 Portal Projectile        Hex/Tloc       16%        N/A       17%         3
 Summon Guardian Golem    Hex/Summ       8%         N/A       17%         3
 Fireball                 Conj/Fire      20%        3d10      17%         5
 Dispel Undead            Necr           8%         3d8       50%         4
 Starburst                Conj/Fire      20%        6d7       67%         6
 Manifold Assault         Tloc           8%         N/A       83%         5
 Ignition                 Fire           4%         3d4       100%        8


Dungeon Overview and Level Annotations

Branches:
Dungeon (11/15)            Temple (0/1) D:4         Ossuary (visited)
   Lair: D:8-11         Orc: D:9-12

Altars:
Ashenzari
Dithmenos
Gozag
Hepliaklqana
Makhleb
Qazlal
Ru
Trog
Xom
Yredelemnul
Zin
The Shining One

Shops:
D:1 *   D:3 (   D:6 :


Message History

Press: ? - help, Q - select action, (/) - cycle Shift-Dir - straight line, f/p - boulder beetle
Aim: a boulder beetle (moderately wounded, ally target, 100% to hit)
The stone arrow hits the boulder beetle!
The boulder beetle is moderately wounded.
The boulder beetle bites you!
Enheduana hits the boulder beetle but does no damage.
Aiming: Stone Arrow (safe; 1% risk of failure)
Press: ? - help, Q - select action, (/) - cycle Shift-Dir - straight line, f/p - boulder beetle
Aim: a boulder beetle (moderately wounded, ally target, 100% to hit)
The stone arrow hits the boulder beetle!
The boulder beetle is moderately wounded.
The boulder beetle bites you.
Enheduana hits the boulder beetle but does no damage.
The boulder beetle curls into a ball and begins rolling!
Enheduana hits the boulder beetle with a +0 flail.
Aiming: Stone Arrow (safe; 1% risk of failure)
Press: ? - help, Q - select action, (/) - cycle Shift-Dir - straight line, f/p - boulder beetle
Aim: a boulder beetle (heavily wounded, rolling, ally target, 100% to hit)
The stone arrow hits the boulder beetle!!
The boulder beetle is severely wounded.
Casting: Stone Arrow (safe; 1% risk of failure)
Confirm with . or Enter, or press ? or * to list all spells.
You blink.
Aiming: Stone Arrow (safe; 1% risk of failure)
Press: ? - help, Q - select action, (/) - cycle Shift-Dir - straight line, f/p - boulder beetle
Aim: a boulder beetle (severely wounded, rolling, ally target, 100% to hit)
The stone arrow hits the boulder beetle but does no damage.
The boulder beetle is severely wounded.
Casting: Stone Arrow (safe; 1% risk of failure)
Confirm with . or Enter, or press ? or * to list all spells.
You blink.
Okay, then.
Aiming: Throw Flame
Press: ? - help, Shift-Dir - straight line, f/p - boulder beetle
Aim: a boulder beetle (severely wounded, rolling, ally target, 100% to hit)
The puff of flame hits the boulder beetle but does no damage.
The boulder beetle is severely wounded.
The boulder beetle hits you!!!
Ouch! That really hurt!
You die...

.....####'###.....##.....#
.....#.^...#......#......#
.....#.....#......#......#
...>.#.....#......#......#
.....#.....##.....##..>..#
######.....##.....##.....#
....#.............##....##
....#.............##....##
....# ........@........#
....# ..##...B.##.....#
....# #...○.##.....# ....#
#..○..#......# ....#
##..R..'......# ....##
#..°...######## .....#
#......# .....# #§.....#
....## ##.....#


You could see the friendly Enheduana the knight and a boulder beetle (rolling,
ally target).

Vanquished Creatures
  A centaur warrior (D:9)
  A hydra (D:9)
  3 two-headed ogres
  An ugly thing (D:9)
  A meliai (D:9)
  A shadow (D:11)
  3 wyverns
  Eustachio (D:6)
  A basilisk (D:9)
  8 yaks (D:9)
  A steam dragon (D:9)
  An acid dragon (D:10)
  4 water moccasins
  2 ice beasts (D:7)
  2 orc warriors
  An ogre (D:5)
  2 black bears
  2 centaurs (D:9)
  A phantom (D:5)
  A bullfrog (D:5)
  2 gnoll sergeants
  2 scorpions
  7 water moccasin zombies
  A water moccasin skeleton (D:4)
  7 killer bees
  8 wights
  A jelly (D:6)
  4 centaur zombies
  2 electric eels (D:9)
  A human zombie (D:6)
  A bullfrog zombie (D:6)
  3 hounds
  3 orc priests (D:7)
  A gnoll shaman (D:7)
  2 iguanas
  Terence (D:2)
  Natasha (twice) (D:3)
  6 orc wizards
  2 killer bee zombies
  4 mummies
  2 howler monkey zombies (D:9)
  15 gnolls
  6 adders
  A shadow imp (D:7)
  3 white imps
  An ufetubus (D:5)
  8 adder zombies (Ossuary)
  4 worms
  2 dart slugs
  22 orcs
  2 bats
  8 endoplasms
  A giant cockroach (D:4)
  4 goblins
  9 hobgoblins
  12 jackals (D:3)
  2 kobolds (D:2)
  A quokka (D:1)
  6 ball pythons
  5 frilled lizards
  5 gnoll zombies (Ossuary)
  A hobgoblin zombie (Ossuary)
  3 kobold zombies (Ossuary)
  3 orc zombies (Ossuary)
  7 rats
231 creatures vanquished.

Vanquished Creatures (collateral kills)
  A two-headed ogre (D:10)
  A slime creature (D:9)
  A gargoyle (D:9)
  A yak (D:9)
  A vampire mosquito (D:9)
  A water moccasin (D:11)
  A necrophage (D:6)
  2 wyvern zombies (D:6)
  2 killer bees
  A wight (D:10)
  A centaur zombie (D:7)
  A howler monkey zombie (D:7)
14 creatures vanquished.

Vanquished Creatures (others)
  A knight (D:11)
  5 fungi (D:11)
  14 plants (D:11)
20 creatures vanquished.

Grand Total: 265 creatures vanquished

Notes
Turn   | Place    | Note
-------+----------+-------------------------------------------
     0 | D:1      | raph the Deep Elf Earth Elementalist began the quest for
                  | the Orb.
     0 | D:1      | Reached XP level 1. HP: 10/10 MP: 6/6
    86 | D:1      | Reached XP level 2. HP: 15/15 MP: 4/8
   347 | D:1      | Learned a level 2 spell: Passwall
   362 | D:1      | Reached XP level 3. HP: 18/20 MP: 6/9
   694 | D:1      | Learned a level 3 spell: Stone Arrow
   733 | D:1      | Found Corr's Assorted Antiques.
  1011 | D:1      | Bought a scroll labelled VEQUACUECIWK for 28 gold pieces
  1360 | D:1      | Found a faded altar of an unknown god.
  1978 | D:2      | Reached skill level 1 in Conjurations
  2300 | D:2      | Reached XP level 4. HP: 24/24 MP: 11/11
  2773 | D:2      | Noticed Terence
  2783 | D:2      | Killed Terence
  3312 | D:3      | Found Cybbi's Weapon Shoppe.
  3388 | D:3      | Learned a level 1 spell: Shock
  3830 | D:3      | Reached skill level 1 in Fighting
  3830 | D:3      | Reached XP level 5. HP: 29/29 MP: 12/12
  3878 | D:3      | Reached skill level 2 in Conjurations
  4227 | D:3      | Reached skill level 1 in Shields
  4249 | D:3      | Noticed Natasha
  4256 | D:3      | Killed Natasha
  4398 | D:3      | Found an opulent altar of Gozag.
  4660 | D:4      | Reached XP level 6. HP: 32/34 MP: 14/14
  4916 | D:4      | Found a hazy altar of Hepliaklqana.
  4922 | D:4      | Became a worshipper of Hepliaklqana the Forgotten
  4937 | D:4      | Found a sand-covered staircase.
  4946 | Ossuary  | Entered an ossuary
  4953 | Ossuary  | Reached skill level 5 in Earth Magic
  5059 | Ossuary  | Reached skill level 3 in Conjurations
  5814 | Ossuary  | Learned a level 3 spell: Swiftness
  5881 | Ossuary  | Reached XP level 7. HP: 28/39 MP: 11/15
  6558 | D:3      | Noticed Natasha
  6560 | D:3      | Killed Natasha
  6649 | D:1      | Bought a twisted robe for 159 gold pieces
  6649 | D:1      | Identified the +0 robe "Qexke" {rC- Str+4 Dex+2} (You
                  | bought it in a shop on level 1 of the Dungeon)
  6761 | D:4      | Found a staircase to the Ecumenical Temple.
  7016 | D:4      | Found a glowing silver altar of Zin.
  7128 | D:4      | Found a burning altar of Makhleb.
  7130 | D:4      | Reached skill level 4 in Conjurations
  7247 | D:5      | Entered Level 5 of the Dungeon
  7256 | D:5      | Learned a level 4 spell: Petrify
  7530 | D:5      | Reached skill level 5 in Spellcasting
  7586 | D:5      | Reached XP level 8. HP: 44/44 MP: 17/17
  8102 | D:5      | Reached * piety under Hepliaklqana
  8482 | D:6      | Reached skill level 5 in Stealth
  8482 | D:6      | Reached skill level 5 in Conjurations
  8575 | D:6      | Found Gugiol's Self-Improvement Boutique.
  8776 | D:6      | Identified the +2 robe of Vaqistrass {rN+ Stlth+}
  8776 | D:6      | Noticed Eustachio
  9026 | D:6      | Found a stormy altar of Qazlal.
  9033 | D:6      | Killed Eustachio
  9421 | D:6      | Found a basalt altar of Yredelemnul.
  9548 | D:6      | Reached XP level 9. HP: 45/45 MP: 20/20
  9554 | D:6      | Learned a level 5 spell: Freezing Cloud
  9770 | D:6      | Reached skill level 1 in Ice Magic
  9773 | D:6      | Reached skill level 1 in Air Magic
  9814 | D:6      | Reached skill level 6 in Conjurations
 10305 | D:7      | Found a broken altar of Ashenzari.
 10684 | D:7      | Found a shadowy altar of Dithmenos.
 11158 | D:7      | Reached skill level 7 in Conjurations
 11272 | D:7      | Found a shimmering altar of Xom.
 11404 | D:7      | Reached ** piety under Hepliaklqana
 11405 | D:7      | Remembered your ancestor Enheduana as a knight
 11432 | D:7      | Found a bloodstained altar of Trog.
 12275 | D:9      | Reached skill level 5 in Ice Magic
 12275 | D:9      | Reached XP level 10. HP: 50/50 MP: 14/21
 12281 | D:9      | Reached skill level 8 in Conjurations
 12649 | D:9      | Found a sacrificial altar of Ru.
 12674 | D:9      | Reached skill level 5 in Air Magic
 13359 | D:9      | Noticed a two-headed ogre
 13363 | D:9      | Killed a two-headed ogre
 13412 | D:9      | Reached skill level 9 in Conjurations
 13828 | D:9      | Noticed a centaur warrior
 13834 | D:9      | Killed a centaur warrior
 13869 | D:9      | Noticed a red ugly thing
 13874 | D:9      | Killed a red ugly thing
 13895 | D:9      | Noticed a gargoyle
 13899 | D:9      | Killed a gargoyle
 13900 | D:9      | Reached XP level 11. HP: 32/54 MP: 12/22
 13927 | D:9      | Noticed a four-headed hydra
 13935 | D:9      | Killed a four-headed hydra
 14054 | D:9      | Reached skill level 10 in Conjurations
 14112 | D:9      | Learned a level 2 spell: Blink
 14193 | D:10     | Entered Level 10 of the Dungeon
 14200 | D:10     | Reached *** piety under Hepliaklqana
 14806 | D:10     | Found a glowing golden altar of the Shining One.
 14953 | D:10     | Noticed a two-headed ogre
 14956 | D:10     | Killed a two-headed ogre
 15131 | D:10     | Noticed a two-headed ogre
 15135 | D:10     | Killed a two-headed ogre
 15260 | D:10     | Noticed a two-headed ogre
 15269 | D:10     | Killed a two-headed ogre
 15640 | D:11     | Noticed a boulder beetle
 15749 | D:11     | Reached **** piety under Hepliaklqana
 15969 | D:11     | Reached skill level 1 in Invocations
 15983 | D:11     | Demolished by a boulder beetle

Illustrated notes

Levels and vault maps discovered:
D:1:      dpeg_arrival_short_road, layout_basic,
          dilly_ecumenical_altar_fadedgnrine, serial_shops, shop_fountains,
          hangedman_decor_growths, minmay_pentomino_q4
D:2:      layout_loops_ring, uniq_terence
D:3:      layout_basic, nicolae_gozag_seed_capital, serial_shops,
          nicolae_diamond_shop, uniq_natasha
D:4:      layout_loops_ring, overflow_temple_1_default, general_overflow_altar,
          makhleb_blood_cavern_becter, minmay_temple_entry_statues_fountains,
          nicolae_ossuary_entry_monument
D:5:      layout_loops_ring, nrook_loot_triangle
D:6:      layout_basic, nicolae_qazlal_eye_of_the_storm,
          lemuel_mausoleum_altar_yredelemnul, nicolae_shop_self_help,
          uniq_eustachio
D:7:      kennysheep_six_static_rooms, layout_rooms, lemuel_tele_altar,
          old_standard_altar, mainiacjoe_overflow_tiny_flanked,
          mainiacjoe_overflow_six_doors_small
D:8:      layout_cave_pools
D:9:      minmay_the_grid_triangle_9x9_rhombus_thin
          [minmay_the_grid_triangle_9x9_alien,
          minmay_the_grid_triangle_9x9_prize_insulated,
          minmay_the_grid_triangle_9x9_limited_checkers,
          minmay_the_grid_triangle_9x9_empty], layout_basic,
          mainiacjoe_overflow_chevrons, solitary_fountain
D:10:     layout_long_grid, mainiacjoe_overflow_small_starburst
D:11:     layout_gridville, minmay_lair_entry_grove, david_orc_5, serial_shops,
          nicolae_shop_window_shopping

Skill      XL: |  1  2  3  4  5  6  7  8  9 10 11 |
---------------+----------------------------------+-----
Stealth        | 3 4 5 |  5.7
Earth Magic    | 4 5 6 7 |  7.1
Conjurations   | 1 2 3 4 5 7 9 10 | 10.7
Fighting       | 1 2 3 |  3.2
Shields        | 1 2 3 4 |  4.0
Spellcasting   | 4 5 6 |  6.2
Dodging        | 3 |  3.5
Ice Magic      | 5 7 9 |  9.0
Air Magic      | 4 7 8 |  8.2
Invocations    | 1 |  1.0
Transmutations | |  1.1

Action                   |  1- 3 |  4- 6 |  7- 9 | 10-12 || total
-------------------------+-------+-------+-------+-------++-------
Melee: Unarmed           |     2 |       |       |       ||     2
       Dagger            |    22 |    41 |    10 |       ||    73
       Falchion          |       |       |       |     1 ||     1
 Cast: Sandblast         |    30 |    20 |    14 |     1 ||    65
       Stone Arrow       |    17 |    58 |   153 |    80 ||   308
       Shock             |       |    10 |       |       ||    10
       Swiftness         |       |       |     1 |       ||     1
       Freezing Cloud    |       |       |     3 |    12 ||    15
       Blink             |       |       |       |     3 ||     3
       Passwall          |       |       |       |     1 ||     1
Invok: Ancestor Life: Kn |       |       |     1 |       ||     1
Evoke: Wand              |       |       |       |     1 ||     1
  Use: Scroll            |     1 |     7 |    14 |     1 ||    23
       Potion            |       |     1 |       |     1 ||     2
 Stab: Sleeping          |       |     1 |       |       ||     1
Armor: Robe              |     1 |     9 |     9 |     1 ||    20
Dodge: Dodged            |    18 |    34 |    15 |     7 ||    74
Block: Buckler           |       |    15 |    19 |     3 ||    37
       Rpst.: Falchion   |       |       |       |     1 ||     1
